 Dungeon Crawl Stone Soup version 0.29.1-1-gd02db6906a (webtiles) character file.

Game seed: 2101210023350278461

156 Zeld the Digger (level 5, -2/28 HPs)
             Began as a Gargoyle Earth Elementalist on Oct 7, 2022.
             Slain by an orc
             ... wielding a +0 flail
              (4 damage)
             ... on level 2 of the Dungeon.
             The game lasted 00:02:33 (2756 turns).

Zeld the Digger (Gargoyle Earth Elementalist)       Turns: 2756, Time: 00:02:34

Health: -2/28      AC:  7    Str: 12    XL:     5   Next: 38%
Magic:  9/9        EV: 12    Int: 17    God:
Gold:   236        SH:  0    Dex: 10    Spells: 4/10 levels left

rFire   . . .      SeeInvis .   (no weapon)
rCold   . . .      Faith    .   (no shield)
rNeg    + . .      Spirit   .   a - +0 robe
rPois   ∞          Reflect  .   (no helmet)
rElec   +          Harm     .   (no cloak)
rCorr   .          Rampage  .   (no gloves)
Will    .....                   l - +0 pair of boots
Stlth   ++........              (no amulet)
HPRegen 0.09/turn               n - ring of flight
MPRegen 0.11/turn               (no ring)

@: flying
A: sickness immunity, AC +4, negative energy resistance 1, electricity
resistance, torment resistance 1, petrification resistance
a: no special abilities


You were on level 2 of the Dungeon.
You visited 1 branch of the dungeon, and saw 3 of its levels.

You collected 236 gold pieces.

Inventory:

Armour
 a - a +0 robe (worn)
 l - a +0 pair of boots (worn)
Jewellery
 n - a ring of flight (left hand)
Scrolls
 f - a scroll of blinking {unknown}
 g - a scroll of amnesia {unknown}
 j - a scroll of identify {unknown}
 k - 3 scrolls of teleportation {unknown}
 p - a scroll of noise {unknown}
Potions
 b - a potion of magic
 c - a potion of brilliance {unknown}
 d - 2 potions of haste {unknown}
 e - a potion of mutation {unknown}
 i - 3 potions of curing {unknown}
 m - a potion of degeneration {unknown}
 o - a potion of lignification {unknown}
 q - a potion of resistance {unknown}


   Skills:
 + Level 2.2 Dodging
 + Level 3.0 Stealth
 * Level 3.1 Spellcasting
 + Level 1.5 Transmutations
 * Level 4.9 Earth Magic


You had 4 spell levels left.
You knew the following spells:

 Your Spells              Type           Power      Damage    Failure   Level
a - Sandblast             Erth           38%        2d10      2%          1
b - Passwall              Tmut/Erth      10%        N/A       7%          2
c - Stone Arrow           Conj/Erth      22%        3d8       19%         3

Your spell library contained the following spells:

 Spells                   Type           Power      Damage    Failure   Level
 Ignite Poison            Fire/Tmut/Pois 4%         N/A       38%         3
 Petrify                  Tmut/Erth      13%        N/A       41%         4
 Conjure Flame            Conj/Fire      2%         6-21      45%         3
 Sticky Flame             Conj/Fire      2%         2d3       86%         4


Dungeon Overview and Level Annotations

Branches:
Dungeon (3/15)

Altars:


Innate Abilities, Weirdness & Mutations

You are immune to sickness and miasma.
Your stone body is resilient. (AC +4)
You are immune to poison.
You resist negative energy. (rN+)
You are resistant to electric shocks. (rElec)
You are resistant to unholy torment.
You are immune to petrification.


Message History

The puff of flame hits the orc priest.
The orc priest is moderately wounded.
The orc hits you but does no damage.
The orc priest hits you with a +0 hand axe.
* * * LOW HITPOINT WARNING * * *
Unknown command.
You don't have any such object.
Evoke which item? (* to show all) (? for menu, Esc to quit)
Okay, then.
Aiming: Throw Flame
Press: ? - help, Shift-Dir - straight line, f/p - orc priest
Aim: an orc priest, wielding a +0 hand axe (moderately wounded, 68% to hit)
The puff of flame hits the orc priest.
The orc priest is severely wounded.
The orc barely misses you. The orc priest closely misses you.
Unknown command.
Unknown command.
Aiming: Throw Flame
Press: ? - help, Shift-Dir - straight line, f/p - orc priest
Aim: an orc priest, wielding a +0 hand axe (severely wounded, 68% to hit)
The puff of flame hits the orc priest.
You kill the orc priest!
The orc hits you with a +0 flail.
* * * LOW HITPOINT WARNING * * *
Your Stealth skill increases to level 3!
Unknown command.
You don't have any such object.
Evoke which item? (* to show all) (? for menu, Esc to quit)
Okay, then.
Unknown command.
Aiming: Throw Flame
Press: ? - help, Shift-Dir - straight line, f - orc
Aim: an orc, wielding a +0 flail and wearing a +0 leather armour (68% to hit)
The puff of flame hits the orc.
The orc is heavily wounded.
The now-empty wand crumbles to dust.
The orc closely misses you.
Unknown command.
You aren't carrying any items that you can evoke.
The orc attacks as you move away! The orc hits you with a +0 flail.
You die...

## #.##########.# #..# ###
#.# ##.#####.####### #.#
#####.............## #.#
#......##########.##
###.#####.####.# #....##
#.........# #.# #......
#.#.####..# #.# #....##
#.#.####..####.########.#.##
#.#.......)@o(............÷.
#.######..#########.........
######.#####...# #.###....#
..............## #.# #..#..
######.#####..# #.###....#
######.# #..# #.......##
.......# #..# #.###..##
######## #..#
########.###..#
#..###.............#


You could see an orc.

Vanquished Creatures
  An orc priest (D:2)
  Jessica (D:2)
  4 adders
  A dart slug (D:1)
  3 bats
  7 endoplasms
  3 giant cockroaches
  4 goblins
  6 hobgoblins
  7 jackals
  6 kobolds
  5 quokkas
  2 ball pythons (D:2)
  2 frilled lizards
  7 rats
59 creatures vanquished.

Notes
Turn   | Place    | Note
-------+----------+-------------------------------------------
     0 | D:1      | Zeld the Gargoyle Earth Elementalist began the quest for
                  | the Orb.
     0 | D:1      | Reached XP level 1. HP: 10/10 MP: 3/3
   170 | D:1      | Reached XP level 2. HP: 15/15 MP: 1/5
   238 | D:1      | Reached skill level 1 in Transmutations
   357 | D:1      | Reached skill level 4 in Earth Magic
   732 | D:1      | Reached XP level 3. HP: 19/19 MP: 3/6
   764 | D:1      | Found a faded altar of an unknown god.
   860 | D:1      | Learned a level 2 spell: Passwall
   864 | D:1      | Learned a level 3 spell: Stone Arrow
  1594 | D:2      | Reached XP level 4. HP: 24/24 MP: 4/7
  1877 | D:2      | Noticed Jessica
  1882 | D:2      | Killed Jessica
  2533 | D:3      | Reached XP level 5. HP: 28/28 MP: 6/9
  2756 | D:2      | Slain by an orc

Illustrated notes

Levels and vault maps discovered:
D:1:      ebering_trefoil_twist, layout_rooms,
          shapermc_ecumenical_altar_notcrosses, minmay_misc_feat_pillars,
          kennysheep_pointless_box, amcnicky_mini_rare_corridor_liquid,
          item_on_display_b
D:2:      layout_loops_ring, nicolae_titane, uniq_jessica
D:3:      minmay_razor_zed, layout_rooms, st_stairs_4,
          chequers_serial_rivers_micro_e, minmay_increasing_density

Skill      XL: |  1  2  3  4  5 |
---------------+----------------+-----
Transmutations | 1 |  1.5
Earth Magic    | 4 |  4.9
Dodging        | 2 |  2.2
Spellcasting   | 3 |  3.1
Stealth        | 3 |  3.0

Action                   |  1- 3 |  4- 6 || total
-------------------------+-------+-------++-------
Melee: Unarmed           |    16 |    11 ||    27
       Punch             |     1 |     1 ||     2
 Cast: Sandblast         |    53 |    29 ||    82
Evoke: Wand              |       |     6 ||     6
Armor: Robe              |    21 |    16 ||    37
Dodge: Dodged            |    60 |    49 ||   109
